 Dungeon Crawl Stone Soup version 0.30.0-10-gfe55d96785 (webtiles) character file.

Game seed: 4925316296793788418

105 qw the Chopper (level 4, 0/28 HPs)
             Began as a Gargoyle Cinder Acolyte on May 16, 2023.
             Was an Elder of Ignis.
             Slain by Edmund
             ... wielding a +2 dire flail of holy wrath
              (5 damage)
             ... on level 4 of the Dungeon.
             The game lasted 00:01:18 (2810 turns).

qw the Chopper (Gargoyle Cinder Acolyte)            Turns: 2810, Time: 00:01:18

Health: 0/28       AC: 20    Str: 20    XL:     4   Next: 81%
Magic:  5/5        EV:  7    Int: 14    God:    Ignis [****..]
Gold:   163        SH:  0    Dex:  5    Spells: 5/5 levels left

rFire   + + .        Y - -1 hand axe (flame)
rCold   x x .        (no shield)
rNeg    + + .        m - +0 chain mail
rPois   inf          (no helmet)
rElec   +            (no cloak)
rCorr   .            (no gloves)
SInv    .            g - +0 pair of boots
Will    +....        l - amulet "Maykkenu" {rC- rN+ Will+ Regen+ Slay+3} Stlth
                     i - ring of fire
HPRegen 1.04/turn    (no ring)
MPRegen 0.09/turn

%: no passive effects
@: fiery-armoured
A: sickness immunity, AC +3, negative energy resistance 1, electricity
resistance, torment resistance 1, petrification resistance
a: Renounce Religion, Fiery Armour, Foxfire Swarm, Rising Flame


You were on level 4 of the Dungeon.
You worshipped Ignis.
Ignis was greatly pleased with you.
You visited 1 branch of the dungeon, and saw 4 of its levels.

You collected 163 gold pieces.


Innate Abilities, Weirdness & Mutations

You are immune to sickness and miasma.
Your stone body is resilient. (AC +3)
You are immune to poison.
You resist negative energy. (rN+)
You are resistant to electric shocks. (rElec)
You are resistant to unholy torment.
You are immune to petrification.


   Skills:
 - Level 3.2 Fighting
 - Level 4.7 Axes
 + Level 1.2 Armour
 - Level 1.0 Spellcasting
 - Level 3.0 Fire Magic


You had 5 spell levels left.
You didn't know any spells.
Your spell library contained the following spells:

 Spells                   Type           Power      Damage    Failure   Level
 Scorch                   Fire           26%        2d6       67%         2

Inventory:

Hand Weapons
 Y - a -1 hand axe of flaming (weapon)
Armour
 a - the +2 hat "Jizon" {+Blink +Inv rElec Will-}
   (You acquired it on level 1 of the Dungeon)

   rElec:     It insulates you from electricity.
   +Inv:      It lets you turn invisible.
   +Blink:    It lets you blink.
   Will:      It decreases your willpower.
 g - a +0 pair of boots (worn)
 m - a +0 chain mail (worn)
Jewellery
 i - a ring of fire (left hand)
 l - the amulet "Maykkenu" (around neck) {rC- rN+ Will+ Regen+ Slay+3}
   (You found it on level 3 of the Dungeon)

   [amulet of regeneration]

   Slay:      It affects your accuracy & damage with ranged weapons and melee
   (+3).
   rC:        It makes you vulnerable to cold.
   rN:        It protects you from negative energy.
   Regen:     It increases your rate of health regeneration.
   Will:      It increases your willpower.
Scrolls
 f - a scroll of enchant armour {unknown}
Potions
 b - a potion of cancellation {unknown}
 c - a potion of magic {unknown}
 d - a potion of brilliance {unknown}
 e - a potion of degeneration {unknown}
 h - 2 potions of resistance
 j - a potion of curing
 k - a potion of haste {unknown}
 n - a potion of attraction {unknown}
 o - a potion of invisibility {unknown}

Dungeon Overview and Level Annotations

Branches:
Dungeon (4/15)
 Temple: D:4-7

Altars:
Okawaru
Trog
Uskayaw
The Shining One

Annotations:
D:4 Edmund


Message History

There is a stone staircase leading up here.
Edmund the Younger comes into view.
He is wielding a +2 dire flail of holy wrath.
You hit Edmund. You burn Edmund.
Edmund is lightly wounded.
Edmund barely misses you.
You hit Edmund. You burn Edmund.
Edmund is moderately wounded.
Edmund hits you with a +2 dire flail of holy wrath.
You barely miss Edmund.
Edmund is moderately wounded.
Edmund hits you with a +2 dire flail of holy wrath.
You completely miss Edmund.
Edmund is moderately wounded.
Edmund hits you with a +2 dire flail of holy wrath!
2804 ||| INVOKING Fiery Armour.
A protective cloak of flame settles atop you.
Edmund barely misses you.
You hit Edmund but do no damage.
Edmund is moderately wounded.
Edmund hits you with a +2 dire flail of holy wrath.
You hit Edmund but do no damage.
Edmund is moderately wounded.
Edmund hits you but does no damage.
Edmund is burned by your cloak of flames.
Edmund is heavily wounded.
You hit Edmund but do no damage.
Edmund is heavily wounded.
Edmund closely misses you.
You barely miss Edmund.
Edmund is heavily wounded.
Edmund closely misses you.
You hit Edmund but do no damage.
Edmund is heavily wounded.
Edmund hits you with a +2 dire flail of holy wrath!
Edmund is burned by your cloak of flames.
Edmund is heavily wounded.
You hit Edmund. You burn Edmund.
Edmund is severely wounded.
Edmund hits you with a +2 dire flail of holy wrath.
You die...

#.#...#
#.#
#.#####
#.. #.#
### #.#
#.# #.#
#.#
#########
#.#
#.....@@#
#.#
......#.#
#.# .....
#.# #.#
....
#.###.#
...
#.....#
..
####### .


You could see Edmund.

Vanquished Creatures
  4 adders (D:2)
  A worm (D:3)
  3 dart slugs (D:1)
  5 orcs (D:3)
  4 ball pythons
  6 bats
  3 endoplasms
  4 giant cockroaches
  6 goblins
  3 hobgoblins
  2 jackals (D:1)
  5 kobolds
  A frilled lizard (D:1)
  7 rats
54 creatures vanquished.

Notes
Turn   | Place    | Note
-------+----------+-------------------------------------------
     0 | D:1      | qw the Gargoyle Cinder Acolyte began the quest for the Orb.
     0 | D:1      | Reached XP level 1. HP: 14/14 MP: 2/2
     0 | D:1      | 0 ||| qw: Version: 0.2-a-94-g6f95ed7
     0 | D:1      | 0 ||| qw: Game counter: 35
     0 | D:1      | 0 ||| qw: Always use a shield: true
     0 | D:1      | 0 ||| qw: God list: Okawaru
     0 | D:1      | 0 ||| qw: Allow faded altars: false
     0 | D:1      | 0 ||| qw: Do Orc after D:15 true
     0 | D:1      | 0 ||| qw: Do second Lair branch before Depths: true
     0 | D:1      | 0 ||| qw: Lair rune preference: random
     0 | D:1      | 0 ||| qw: Plans: Normal
     0 | D:1      | 0 ||| PLANNING D:1-11
     6 | D:1      | Noticed a swamp drake
     7 | D:1      | Noticed a black mamba
     7 | D:1      | Noticed a hound
    22 | D:1      | 22 ||| Stepping ~*~*~tactically~*~*~ (hiding).
    23 | D:1      | 23 ||| Stepping ~*~*~tactically~*~*~ (hiding).
   112 | D:1      | Reached skill level 3 in Axes
   271 | D:1      | Reached XP level 2. HP: 19/19 MP: 3/3
   430 | D:1      | 430 ||| INVOKING Fiery Armour.
   717 | D:1      | 717 ||| Stepping ~*~*~tactically~*~*~ (hiding).
   735 | D:1      | Reached XP level 3. HP: 22/23 MP: 4/4
   873 | D:1      | 873 ||| UPGRADING to +0 leather armour.
   883 | D:1      | 883 ||| DROPPING +0 robe.
   884 | D:1      | 884 ||| UPGRADING to +0 ring mail.
   894 | D:1      | 894 ||| DROPPING +0 leather armour.
   895 | D:1      | 895 ||| UPGRADING to +0 pair of boots.
   900 | D:1      | 900 ||| READING scroll labelled UWES GOGIZEJA.
   900 | D:1      | Identified a scroll of acquirement
   900 | D:1      | 900 ||| ACQUIRING +2 hat "Jizon" {+Blink +Inv rElec Will-}
   900 | D:1      | Acquired the +2 hat "Jizon" {+Blink +Inv rElec Will-}
   902 | D:1      | 902 ||| READING scroll labelled WOHEIL EWNARU.
   903 | D:1      | 903 ||| READING scroll labelled KUKKIJ POCEI.
   904 | D:1      | 904 ||| DRINKING 2 murky dark potions.
  1028 | D:2      | Reached skill level 1 in Armour
  1031 | D:2      | 1031 ||| Stepping ~*~*~tactically~*~*~ (stealth).
  1099 | D:2      | Reached skill level 4 in Axes
  1247 | D:2      | Found a bloodstained altar of Trog.
  1373 | D:2      | Reached XP level 4. HP: 28/28 MP: 5/5
  1782 | D:3      | Identified the amulet "Maykkenu" {rC- rN+ Will+ Regen+
                  | Slay+3}
  1795 | D:3      | 1795 ||| Stepping ~*~*~tactically~*~*~ (stealth).
  1928 | D:3      | 1928 ||| INVOKING Fiery Armour.
  1959 | D:3      | 1959 ||| Stepping ~*~*~tactically~*~*~ (stealth).
  2086 | D:3      | Found an iron altar of Okawaru.
  2249 | D:3      | Found a hide-covered altar of Uskayaw.
  2254 | D:3      | 2254 ||| Stepping ~*~*~tactically~*~*~ (stealth).
  2303 | D:3      | Found a faded altar of an unknown god.
  2311 | D:3      | Found a glowing golden altar of the Shining One.
  2667 | D:3      | 2667 ||| UPGRADING to +0 chain mail.
  2677 | D:3      | 2677 ||| DROPPING +0 ring mail.
  2678 | D:3      | 2678 ||| UPGRADING to amulet "Maykkenu" {rC- rN+ Will+
                  | Regen+ Slay+3}.
  2683 | D:3      | 2683 ||| UPGRADING to ring of fire.
  2684 | D:3      | 2684 ||| READING scroll labelled BAAHER XAMEY.
  2685 | D:3      | 2685 ||| READING scroll labelled JOTA JUIKLOW.
  2686 | D:3      | 2686 ||| READING scroll labelled RUPPERUDYL.
  2687 | D:3      | 2687 ||| READING scroll labelled RUSHUM FUNE.
  2691 | D:3      | 2691 ||| DRINKING 2 fizzy brown potions.
  2798 | D:4      | Noticed Edmund
  2804 | D:4      | 2804 ||| INVOKING Fiery Armour.
  2809 | D:4      | HP: 3/28 [Edmund/+2 dire flail of holy wrath (10)]
  2810 | D:4      | Slain by Edmund

Levels and vault maps discovered:
D:1:      onia_arrival_zoo_common, layout_basic
D:2:      layout_basic, serial_glass, glass_columns_b, glass_columns_c,
          glass_columns_a, glass_columns_b, glass_columns_b, glass_columns_b,
          glass_columns_a, glass_columns_b, glass_columns_a, glass_columns_a,
          glass_columns_a, glass_columns_c, glass_columns_b, glass_columns_b,
          basic_altar
D:3:      layout_basic, old_standard_altar, mainiacjoe_overflow_catwalk,
          nicolae_uskayaw_murder_on_the_dancefloor,
          dreamdust_ecumenical_altar_angels_and_demons
D:4:      layout_basic, uniq_edmund

Skill      XL: |  1  2  3 |
---------------+----------+-----
Axes           | 3 4 |  4.7
Armour         | 1 |  1.2
Fighting       | |  3.2
Spellcasting   | |  1.0
Fire Magic     | |  3.0

Action                     |  1- 3 |  4- 6 || total
---------------------------+-------+-------++-------
  Melee: Hand axe          |   113 |    83 ||   196
         Punch             |     1 |       ||     1
 Invoke: Fiery Armour      |     1 |     2 ||     3
    Use: Scroll            |     3 |     4 ||     7
         Potion            |     1 |     1 ||     2
   Stab: Distracted        |       |     1 ||     1
 Armour: Robe              |    19 |       ||    19
         Ring mail         |    25 |    31 ||    56
         Chain mail        |       |     1 ||     1
  Dodge: Dodged            |    59 |    37 ||    96

Table legend:
 A = Non-vault XP
 B = Vault XP
 C = Vault XP percentage of total XP
 D = Non-vault monster count
 E = Vault monster count
 F = Vault count percentage of total count
                 A         B        C        D         E       F
            +---------+---------+-------+---------+---------+-------
      Total |     150 |       0 |   0.0 |      54 |       0 |   0.0
            +---------+---------+-------+---------+---------+-------
        D:1 |      36 |       0 |   0.0 |      18 |       0 |   0.0
        D:2 |      72 |       0 |   0.0 |      16 |       0 |   0.0
        D:3 |      42 |       0 |   0.0 |      20 |       0 |   0.0
            +---------+---------+-------+---------+---------+-------
